Map: Rainfall LE

Players

HeroMarine

  • Race: Terran Terran
  • Spawn Location: 11:00

Krystianer - Winner!

  • Race: Protoss Protoss
  • League: Grandmaster
  • Spawn Location: 5:00

Event: HomeStory Cup XXIX

VOD

Have the link to the VOD?

Description

Time

  • Played on: July 3, 2026, 9:21 a.m.
  • Length: 6:47

All games in this series

Show
View Real Time Build Order
Export as new Build Order

HeroMarine Terran 

Build Orders:  

Get SALT Encoding   

  8  0:00  SCV  
  9  0:12  SCV  
  10  0:24  SCV  
  10  0:27  Supply Depot  
  11  0:36  SCV  
  12  0:48  SCV  
  13  0:54  Barracks  
  13  1:02  Refinery  
  13  1:05  SCV  
  14  1:17  SCV  
  15  1:18  Refinery  
  15  1:29  SCV  
  16  1:41  Orbital Command  
  16  1:44  Reaper  
  17  2:03  Factory  
  17  2:06  SCV  
  18  2:15  Supply Depot  
  18  2:19  SCV, Barracks Reactor  
  19  2:31  SCV  
  20  2:43  SCV  
  21  2:47  Factory Tech Lab  
  21  2:49  Starport  
  21  2:54  Supply Depot  
  21  2:55  SCV  
  22  3:05  Cyclone  
  25  3:07  SCV  
  25  3:08  Marine x2  
  28  3:19  SCV  
  29  3:25  Medivac, Supply Depot  
  31  3:27  Marine  
  31  3:30  Marine  
  34  3:43  Siege Tank  
  34  3:45  Marine  
  34  3:47  Marine  
  38  3:49  Supply Depot  
  38  3:57  Viking  
  40  4:03  Marine  
  40  4:05  Marine  
  42  4:12  Supply Depot  
  42  4:21  Marine  
  42  4:22  SCV  
  42  4:23  Marine  
  43  4:25  Siege Tank  
  46  4:39  Marine, Supply Depot  
  46  4:41  Marine  
  46  4:45  Medivac  
  48  4:56  Marine  
  48  4:59  Marine, SCV  
  50  5:04  Siege Tank  
  52  5:14  Marine  
  52  5:16  Supply Depot  
  52  5:17  Marine  
  54  5:22  Viking  
  56  5:32  Marine  
  56  5:34  Marine  
  58  5:43  Siege Tank  
  58  5:44  SCV  
  58  5:45  Supply Depot  
  62  5:50  Marine  
  62  5:52  Marine  
  63  5:58  SCV  
  59  6:05  Viking  
  59  6:08  Marine  
  59  6:10  Marine  
  51  6:26  Marine  
  51  6:28  Marine  
Show
View Real Time Build Order
Export as new Build Order

Krystianer Protoss - Winner!

Build Orders:  

Get SALT Encoding   

  8  0:00  Probe (Chrono Boost)  
  9  0:12  Probe (Chrono Boost)  
  10  0:17  Probe (Chrono Boost)  
  11  0:26  Probe  
  12  0:31  Pylon  
  12  0:38  Probe  
  13  0:50  Probe  
  13  0:53  Gateway  
  14  1:03  Probe (Chrono Boost)  
  15  1:06  Assimilator  
  15  1:12  Probe (Chrono Boost)  
  15  1:17  Probe (Chrono Boost)  
  17  1:29  Probe  
  18  1:41  Probe  
  19  1:48  Nexus  
  19  1:57  Cybernetics Core  
  19  2:00  Probe  
  20  2:08  Pylon  
  20  2:12  Probe  
  21  2:16  Assimilator  
  21  2:26  Probe  
  21  2:27  Warp Gate (Chrono Boost)  
  22  2:31  Stalker (Chrono Boost)  
  24  2:38  Probe  
  25  2:50  Stalker  
  27  3:00  Gateway  
  27  3:03  Gateway  
  27  3:06  Probe  
  27  3:09  Probe  
  29  3:17  Stalker  
  31  3:21  Probe  
  31  3:23  Probe  
  33  3:33  Probe  
  34  3:35  Probe  
  34  3:37  Pylon  
  35  3:45  Probe  
  35  3:48  Probe  
  37  4:02  Stalker x3  
  42  4:18  Pylon  
  41  4:25  Stalker x3  
  47  4:34  Robotics Facility  
  47  4:37  Pylon  
  47  4:42  Shield Battery  
  47  4:49  Stalker  
  47  4:50  Stalker  
  51  4:55  Stalker  
  53  5:08  Pylon  
  53  5:20  Stalker x3  
  58  5:27  Gateway  
  58  5:31  Pylon  
  58  5:32  Pylon  
  58  5:44  Stalker x2  
  58  5:45  Zealot  
  64  5:53  Gateway  
  62  6:08  Stalker x2  
  62  6:09  Stalker  
  62  6:24  Probe  
  64  6:31  Stalker  
  64  6:32  Stalker  
  67  6:34  Probe  
Tags
 
Add a new tag
Caveats
  • Supply blocks, unpowered buildings, or Contaminate may cause inaccurate times.
  • Supply counts are checked every 10 seconds.